 Dungeon Crawl Stone Soup version 0.18.1-48-g4cf74bf (webtiles) character file.

48 atgrul the Charmwright (level 3, 0/28 HPs)
             Began as a Merfolk Skald on July 18, 2016.
             Succumbed to an adder's poison
             ... on level 2 of the Dungeon.
             The game lasted 00:03:16 (1818 turns).

atgrul the Charmwright (Merfolk Skald)              Turns: 1818, Time: 00:03:17

Health: 0/28       AC:  3    Str: 13    XL:     3   Next: 72%
Magic:  5/6        EV: 11    Int: 11    God:
Gold:   44         SH:  0    Dex: 13    Spells: 1 memorised, 5 levels left

rFire  . . .     SeeInvis .     a - +0 spear
rCold  . . .     Gourm    .     b - +0 leather armour
rNeg   . . .     Faith    .     (no shield)
rPois  .         Spirit   .     (no helmet)
rElec  .         Dismiss  .     (no cloak)
rCorr  .         Reflect  .     (no gloves)
SustAt .         Harm     .     (no boots)
MR     .....                    (no amulet)
Stlth  +.........               (no ring)
                                (no ring)

@: lethally poisoned (0 -> -17), infused, not resistant to hostile enchantments,
very unstealthy
A: change form in water, swift swim
a: no special abilities


You were on level 2 of the Dungeon.
You were hungry.

You visited 1 branch of the dungeon, and saw 2 of its levels.

You collected 44 gold pieces.

Inventory:

Hand Weapons
 a - a +0 spear (weapon)
Armour
 b - a +0 leather armour (worn)
Scrolls
 g - 2 scrolls of identify {unknown}
 h - a scroll of remove curse {unknown}
 i - a scroll of blinking {unknown}
Potions
 e - a potion of might {unknown}
 k - a potion of agility {unknown}
 m - 3 potions of heal wounds {unknown}
Books
 c - a book of Battle

   Spells                             Type                      Level
   a - Infusion                       Charms                       1
   b - Shroud of Golubria             Charms/Translocation         2
   c - Song of Slaying                Charms                       2
   d - Spectral Weapon                Hexes/Charms                 3
   e - Regeneration                   Charms/Necromancy            3
Comestibles
 d - 2 bread rations
 f - a slice of pizza
 l - a royal jelly


   Skills:
 + Level 2.9 Fighting
 - Level 3.0 Polearms
 - Level 0.6 Armour
 - Level 1.3 Dodging
 - Level 2.0 Spellcasting
 + Level 4.5 Charms


You had 5 spell levels left.
You knew the following spells:

 Your Spells              Type           Power        Failure   Level  Hunger
a - Infusion              Chrm           ##..         8%          1    ##.....


Dungeon Overview and Level Annotations

Branches:
Dungeon (2/15)

Altars:


Message History

You feel sick.
You feel sick. The adder closely misses you. The adder bites you.
* * * LOW HITPOINT WARNING * * *
You are too injured to fight recklessly!
You are too injured to fight recklessly!
You are too injured to fight recklessly!
You are too injured to fight recklessly!
You are too injured to fight recklessly!
* * * LOW HITPOINT WARNING * * *
You feel sick.
* * * LOW HITPOINT WARNING * * *
You feel sick.
* * * LOW HITPOINT WARNING * * *
You feel sick. The adder bites you.
* * * LOW HITPOINT WARNING * * *
You are more poisoned.
The adder poisons you!
* * * LOW HITPOINT WARNING * * *
You feel sick. The adder barely misses you.
You die...

#..... #.##### #.....####
########.##... ...>.).#
#............. ...#.#
#.####.####.## ##.#.# #.#
#.# #.# #....#
#.####.####.# #...)#####
#...........#
#........######.####.####.#
##.#....SS.@....# #.# #.#
...#####>##...######.####.#
###. #.#................#
#. ##.##...######.#######
#. #...##..# #........
#.#.##..# #########
#...##..# ##.##...#########
#.#.#..[......(#


You could see 2 adders.

Vanquished Creatures
  A worm (D:2)
  2 giant geckos (D:1)
  4 giant cockroaches
  5 goblins
  6 hobgoblins
  4 jackals (D:2)
  A ball python (D:2)
  3 bats
  4 giant newts
  6 kobolds
  2 rats (D:1)
38 creatures vanquished.

Notes
Turn   | Place    | Note
--------------------------------------------------------------
     0 | D:1      | atgrul the Merfolk Skald began the quest for the Orb.
     0 | D:1      | Reached XP level 1. HP: 16/16 MP: 3/3
   241 | D:1      | Reached XP level 2. HP: 23/23 MP: 5/5
   606 | D:1      | Reached skill level 4 in Charms
   906 | D:1      | Reached XP level 3. HP: 28/28 MP: 6/6
  1817 | D:2      | HP: 1/28 [poisoned by an adder]
  1818 | D:2      | Succumbed to an adder's poison

Skill      XL: |  1  2 |
---------------+-------+-----
Charms         | 4 |  4.5
Fighting       | |  2.9
Polearms       | |  3.0
Armour         | |  0.6
Dodging        | |  1.3
Spellcasting   | |  2.0

Action                   || total
-------------------------++-------
Melee: Spear             ||   120
 Cast: Infusion          ||     3
  Eat: Chunk             ||     2
Armor: Leather armour    ||    24
Dodge: Dodged            ||    57
